 Dungeon Crawl Stone Soup version 0.27-b1-16-g6517624069 (webtiles) character file.

Game seed: 3567900270657634222

6625 ZARRMARR the Basher (level 10, -3/88 HPs)
             Began as a Minotaur Berserker on July 27, 2021.
             Was an Elder of Trog.
             Slain by Erolcha (23 damage)
             ... on level 9 of the Dungeon.
             The game lasted 01:23:46 (9280 turns).

ZARRMARR the Basher (Minotaur Berserker)            Turns: 9280, Time: 01:23:46

Health: -3/88      AC:  9    Str: 23    XL:     10   Next: 72%
Magic:  9/9        EV:  7    Int:  4    God:    Trog [****..]
Gold:   576        SH: 12    Dex: 12    Spells: 9/9 levels left

rFire    + + .     SeeInvis .   z - +3 flail (drain)
rCold    + . .     Faith    .   a - +0 tower shield
rNeg     . . .     Spirit   .   G - +2 scale mail {rF+}
rPois    +         Reflect  .   (helmet restricted)
rElec    +         Harm     .   (no cloak)
rCorr    +         Rampage  .   (no gloves)
Will     +++..                  (no boots)
Stlth    +.........             (no amulet)
HPRegen  1.24/turn              c - ring of willpower
MPRegen  0.11/turn              t - +4 ring of protection

@: resistant, marked, strong-willed, corroded, on berserk cooldown,
regenerating, slowed, studying Shields, very slow
A: horns 2, retaliatory headbutt
a: Renounce Religion, Berserk, Trog's Hand, Brothers in Arms


You were on level 9 of the Dungeon.
You worshipped Trog.
Trog was greatly pleased with you.
You visited 1 branch of the dungeon, and saw 9 of its levels.

You collected 592 gold pieces.
You spent 16 gold pieces at shops.

Inventory:

Hand Weapons
 e - a +3 dagger
 z - a +3 flail of draining (weapon)
 E - a +2 flail of protection
 L - a +2 spear of flaming
 M - a +1 short sword of freezing
 N - the +2 dagger "Loonos" {speed, *Slow rElec rN++ Will+}
   (You found it on level 8 of the Dungeon)

   Attacks with this weapon are significantly faster.
   rElec:     It insulates you from electricity.
   rN:        It greatly protects you from negative energy.
   *Slow:     It may slow you when you take damage.
   Will:      It increases your willpower.
Missiles
 q - 22 poisoned darts
 v - 4 silver javelins
 O - 3 boomerangs (quivered)
Armour
 a - a +0 tower shield (worn)
 f - a +1 animal skin
 G - a +2 scale mail of fire resistance (worn)
 K - +0 acid dragon scales
Magical Staves
 I - a staff of death
Jewellery
 c - a ring of willpower (left hand)
 i - a ring of ice
 m - a ring of see invisible
 t - a +4 ring of protection (right hand)
 D - a ring of protection from cold
 J - a ring of protection from fire
Wands
 k - a wand of mindburst (8)
 n - a wand of iceblast (6)
 w - a wand of flame (42)
 B - a wand of acid (14)
Scrolls
 d - 2 scrolls of immolation
 h - a scroll of teleportation
 l - a scroll of summoning
 o - 3 scrolls of vulnerability
 r - 2 scrolls of magic mapping
 s - 2 scrolls of fog
 u - 3 scrolls of enchant weapon
 y - 2 scrolls of enchant armour {unknown}
 F - 2 scrolls of blinking {unknown}
Potions
 b - 2 potions of might {unknown}
 g - 2 potions of invisibility {unknown}
 j - a potion of haste {unknown}
 p - 3 potions of curing {unknown}
 x - a potion of flight {unknown}
 A - a potion of attraction {unknown}
 C - a potion of brilliance {unknown}


   Skills:
 + Level 7.8 Fighting
 + Level 11.1 Maces & Flails
 + Level 9.1 Throwing
 + Level 5.4 Armour
 + Level 6.9 Dodging
 + Level 4.0 Stealth
 + Level 0.6 Shields


You had 9 spell levels left.
You didn't know any spells.
Your spell library contained the following spells:

 Spells                   Type           Power      Damage    Failure   Level
 Beastly Appendage        Tmut           0%         N/A       100%        1
 Freeze                   Ice            0%         1d3       100%        1
 Ensorcelled Hibernation  Hex/Ice        0%         N/A       100%        2
 Wereblood                Tmut           0%         N/A       100%        2
 Frozen Ramparts          Ice            0%         1d2       100%        3
 Gell's Gravitas          Tloc           0%         N/A       100%        3
 Lesser Beckoning         Tloc           0%         N/A       100%        3
 Spider Form              Tmut/Pois      0%         N/A       100%        3
 Stone Arrow              Conj/Erth      0%         3d7       100%        3
 Teleport Other           Tloc           0%         N/A       100%        3
 Animate Armour           Summ/Erth      0%         N/A       100%        4
 Hailstorm                Conj/Ice       0%         3d3       100%        4
 Shadow Creatures         Summ           N/A        N/A       100%        6
 Lehudib's Crystal Spear  Conj/Erth      0%         10d2      100%        8


Dungeon Overview and Level Annotations

Branches:
Dungeon (9/15)             Temple (0/1) D:7
   Lair: D:8-11         Orc: D:9-12

Altars:
Ashenzari
Dithmenos
Fedhas
Gozag
Hepliaklqana
Vehumet
Wu Jian
Xom
Yredelemnul

Shops:
D:9 (

Annotations:
D:7 1 transporter
D:9 Erolcha


Innate Abilities, Weirdness & Mutations

You have a pair of horns on your head.
You reflexively headbutt those who attack you in melee.


Message History

You feel very sick.
You feel sick.
Press: ? - help, v - describe, . - travel
Here: Erolcha, wielding a +0 giant club, wearing a +1 robe of fire resistance and carrying a wand of acid (8)
The floor.
Okay, then.
Okay, then.
You feel protected.
You feel sick. Erolcha casts a spell at you.
The fireball explodes!
The fireball engulfs you. You resist.
Your skin crawls.
You feel strong-willed.
You feel sick.
You are no longer poisoned.
Erolcha mumbles some strange words.
Erolcha flickers and vanishes!
Deactivating autopickup; reactivate with Ctrl-A.
You closely miss something. You headbutt something!
You hear a zap.
A bolt of acid appears from out of thin air!
The bolt of acid hits you. You resist. The acid corrodes you!
You are splashed with acid.
You resist. You block something's attack.
You barely miss something. Your headbutt misses something.
You hear a zap.
A bolt of acid appears from out of thin air!
The bolt of acid hits you! You resist.
You are splashed with acid.
You resist.
* * * LOW HITPOINT WARNING * * *
You hear some strange, mumbled words.
Items here: ! ( )) [ †††.
Something completely misses you.
You hear a zap.
A bolt of acid appears from out of thin air!
The bolt of acid hits you. You resist.
* * * LOW HITPOINT WARNING * * *
You are splashed with acid!
You resist.
* * * LOW HITPOINT WARNING * * *
Items here: ! ( )) [ †††.
You sock something! Something hits you!!
You die...

#.# #.# #.# #..
...###############
#.#
..))..{@.........#
#..
#(#######.###.##.#
#.# #.###(##.# #..
#.#...##.# #.#
#.#.####(# #..
#.#.# #.# #.#
#.#.####.# #.#
###........#####.#
+.................


There were no monsters in sight!

Vanquished Creatures
  Harold (D:9)
  2 ugly things (D:9)
  A komodo dragon (D:9)
  2 hornets
  Grinder (D:5)
  A wraith (D:9)
  Sigmund (D:2)
  2 wyverns
  A fire elemental (D:7)
  4 fire bats (D:7)
  A steam dragon (D:6)
  Edmund (D:6)
  An acid dragon (D:8)
  Duvessa (D:6)
  A hell hound (D:7)
  An orc warrior (D:9)
  4 sky beasts
  3 necrophages
  An ogre (D:5)
  3 centaurs
  A phantom (D:7)
  3 bullfrogs
  2 scorpions
  A gnoll sergeant (D:7)
  A water moccasin skeleton (D:6)
  Dowan (D:6)
  3 killer bees (D:9)
  4 wights (D:8)
  An orc priest (D:3)
  2 hounds (D:5)
  A centaur skeleton (D:6)
  A bullfrog skeleton (D:4)
  3 centaur zombies
  2 jellies (D:7)
  An iguana (D:7)
  3 orc wizards
  A hound zombie (D:5)
  2 howler monkey zombies
  Robin (D:2)
  3 gnolls (D:7)
  6 adders
  An ufetubus (D:6)
  A worm (D:4)
  3 dart slugs (D:1)
  15 orcs
  8 ball pythons
  11 bats
  5 endoplasms
  3 giant cockroaches
  14 goblins
  18 hobgoblins
  13 jackals
  3 frilled lizards
  5 kobolds
  A quokka skeleton (D:4)
  5 rats
182 creatures vanquished.

Notes
Turn   | Place    | Note
-------+----------+-------------------------------------------
     0 | D:1      | ZARRMARR the Minotaur Berserker began the quest for the
                  | Orb.
     0 | D:1      | Reached XP level 1. HP: 19/19 MP: 0/0
   181 | D:1      | Reached XP level 2. HP: 27/27 MP: 1/1
   268 | D:1      | Found a faded altar of an unknown god.
   799 | D:1      | Reached XP level 3. HP: 34/34 MP: 2/2
  1318 | D:2      | Noticed Sigmund
  1325 | D:2      | Killed Sigmund
  1325 | D:2      | Reached ** piety under Trog
  1326 | D:2      | Reached skill level 4 in Maces & Flails
  1326 | D:2      | Reached XP level 4. HP: 41/41 MP: 3/3
  1326 | D:2      | Reached XP level 5. HP: 47/47 MP: 4/4
  1560 | D:2      | Reached skill level 5 in Fighting
  1611 | D:2      | Found an opulent altar of Gozag.
  1733 | D:2      | Noticed Robin
  1747 | D:2      | Killed Robin
  1895 | D:2      | Reached skill level 5 in Maces & Flails
  2454 | D:3      | Reached XP level 6. HP: 45/56 MP: 5/5
  2456 | D:3      | Reached *** piety under Trog
  2646 | D:3      | Found a shadowy altar of Dithmenos.
  3118 | D:4      | Reached skill level 1 in Stealth
  3280 | D:4      | Reached XP level 7. HP: 59/61 MP: 6/6
  3748 | D:4      | Found a basalt altar of Yredelemnul.
  3750 | D:4      | Found a hazy altar of Hepliaklqana.
  4118 | D:5      | Entered Level 5 of the Dungeon
  4244 | D:5      | Reached skill level 5 in Throwing
  4306 | D:5      | Noticed Grinder
  4321 | D:5      | Paralysed by Grinder for 5 turns
  4329 | D:5      | Killed Grinder
  4330 | D:5      | Reached skill level 6 in Maces & Flails
  4868 | D:5      | Reached XP level 8. HP: 57/69 MP: 7/7
  5296 | D:6      | Noticed Dowan
  5298 | D:6      | Noticed Duvessa
  5302 | D:6      | Killed Dowan
  5305 | D:6      | Killed Duvessa
  5308 | D:6      | Reached skill level 7 in Maces & Flails
  5485 | D:6      | Found a broken altar of Ashenzari.
  5761 | D:6      | Noticed Edmund
  5772 | D:6      | Killed Edmund
  6099 | D:7      | Found an opulent altar of Gozag.
  6134 | D:7      | Reached skill level 8 in Maces & Flails
  6221 | D:7      | Found a transporter.
  6244 | D:7      | Found a staircase to the Ecumenical Temple.
  6262 | D:7      | Reached XP level 9. HP: 75/75 MP: 8/8
  6288 | D:7      | Found a shimmering altar of Xom.
  6323 | D:7      | Reached **** piety under Trog
  6599 | D:7      | Found a transporter.
  6616 | D:7      | Reached skill level 5 in Dodging
  6836 | D:7      | Reached skill level 9 in Maces & Flails
  7274 | D:7      | Found an ornate altar of the Wu Jian Council.
  7353 | D:7      | Reached skill level 10 in Maces & Flails
  7631 | D:8      | Found a blossoming altar of Fedhas.
  7778 | D:8      | Found a radiant altar of Vehumet.
  7804 | D:8      | Reached XP level 10. HP: 62/82 MP: 9/9
  8077 | D:8      | Identified the +2 dagger "Loonos" {speed, *Slow rElec rN++
                  | Will+}
  8516 | D:9      | Found Qaryenom's Weapon Shop.
  8523 | D:9      | Bought 3 boomerangs for 16 gold pieces
  8876 | D:9      | Noticed a red ugly thing
  8902 | D:9      | Killed a red ugly thing
  9045 | D:9      | Noticed a cyan ugly thing
  9050 | D:9      | Killed a cyan ugly thing
  9241 | D:9      | Noticed Harold
  9252 | D:9      | Killed Harold
  9253 | D:9      | Reached skill level 11 in Maces & Flails
  9253 | D:9      | Reached skill level 5 in Armour
  9265 | D:9      | Noticed Erolcha
  9280 | D:9      | Slain by Erolcha

Illustrated notes

Levels and vault maps discovered:
D:1:      dpeg_arrival_boxes_within_box, layout_basic,
          hellmonk_ecumenical_altar_zigzags
D:2:      layout_basic, basic_altar, uniq_robin, uniq_sigmund
D:3:      layout_loops_ring, nicolae_dithmenos_shadow_blocks
D:4:      layout_basic, chequers_temple_overflow_statue_of_worship
D:5:      layout_basic, serial_bayou_pond_d, st_stairs_7, minmay_misc_feat_rows,
          minmay_misc_feat_ornament, uniq_grinder
D:6:      layout_basic, mainiacjoe_overflow_six_doors_small, minmay_liquid_box,
          uniq_duvessa, uniq_edmund
D:7:      gammafunk_cloud_chamber, layout_basic, mainiacjoe_overflow_catwalk,
          nzn_wu_jian_council_hall, lemuel_round_altar, temple_pool_b
D:8:      layout_rooms, nicolae_vehumet_radiance, fedhas_altar_2
D:9:      layout_loops_corners, overflow_temple_1_default, serial_shops, shop,
          uniq_erolcha, uniq_harold

Skill      XL: |  1  2  3  4  5  6  7  8  9 10 |
---------------+-------------------------------+-----
Fighting       | 4 5 6 7 |  7.8
Maces & Flails | 4 5 6 8 10 11 | 11.1
Throwing       | 2 3 4 5 7 8 9 |  9.1
Dodging        | 3 4 5 6 |  6.9
Stealth        | 1 2 3 4 |  4.0
Armour         | 3 5 |  5.4
Shields        | |  0.6

Action                   |  1- 3 |  4- 6 |  7- 9 | 10-12 || total
-------------------------+-------+-------+-------+-------++-------
Melee: Mace              |    48 |    75 |    68 |       ||   191
       Headbutt          |     7 |    12 |    42 |     9 ||    70
       Flail             |       |       |    84 |    62 ||   146
Throw: Stone             |    52 |       |       |       ||    52
       Boomerang         |    13 |    56 |    29 |    17 ||   115
       Dart              |       |       |    39 |     5 ||    44
       Throwing net      |       |       |     4 |       ||     4
       Javelin           |       |       |       |     4 ||     4
Invok: Berserk           |     2 |     3 |    11 |     5 ||    21
       Trog's Hand       |       |       |     1 |     1 ||     2
  Use: Scroll            |     3 |       |     6 |     4 ||    13
       Potion            |       |       |       |     1 ||     1
 Stab: Sleeping          |       |     2 |     3 |     2 ||     7
Armor: Animal skin       |     4 |    17 |    37 |       ||    58
       Scale mail        |       |       |    15 |    12 ||    27
       Acid dragon scale |       |       |     9 |    20 ||    29
Dodge: Dodged            |    29 |    52 |    96 |    37 ||   214
Block: Tower shield      |       |       |       |    15 ||    15
